 Dungeon Crawl Stone Soup version 0.31-a0-1008-g5b978dac0e (webtiles) character file.

Game seed: 13291253926529169684

65 Queen the Chiller (level 4, -2/30 HPs)
             Began as a Merfolk Ice Elementalist on Nov 13, 2023.
             Slain by Sigmund
             ... wielding a +0 scythe
              (10 damage)
             ... on level 3 of the Dungeon.
             The game lasted 00:07:10 (2913 turns).

Queen the Chiller (Merfolk Ice Elementalist)        Turns: 2913, Time: 00:07:10

Health: -2/30      AC:  2    Str:  8    XL:     4   Next: 13%
Magic:  5/7        EV: 13    Int: 16    God:
Gold:   92         SH:  0    Dex: 14    Spells: 4/8 levels left

rFire   . . .        a - +2 short sword (drain)
rCold   . . .        (no shield)
rNeg    . . .        q - +0 robe
rPois   .            (no helmet)
rElec   .            (no cloak)
rCorr   .            (no gloves)
SInv    .            (no boots)
Will    .....        (no amulet)
Stlth   ++           (no ring)
HPRegen 0.25/turn    (no ring)
MPRegen 0.10/turn

%: no passive effects
@: about to teleport
A: (nimble swimmer 2), mertail
a: no special abilities


You were on level 3 of the Dungeon.
You visited 1 branch of the dungeon, and saw 3 of its levels.

You collected 92 gold pieces.

Inventory:

Hand Weapons
 a - a +2 short sword of draining (weapon)
Armour
 q - a +0 robe (worn)
Jewellery
 i - the ring of Burphar {Will+ Dex+5}
   (You found it on level 2 of the Dungeon)

   [ring of willpower]

   Dex+5:     It affects your dexterity (+5).
   Will+:     It increases your willpower.
 s - a ring of flight
Scrolls
 c - a scroll of enchant armour {unknown}
 d - a scroll of brand weapon {unknown}
 e - a scroll of noise {unknown}
 f - a scroll of blinking {unknown}
 g - a scroll of teleportation
 n - a scroll of amnesia {unknown}
 o - a scroll of immolation {unknown}
 r - a scroll of enchant weapon {unknown}
Potions
 b - a potion of magic
 h - a potion of might
 l - a potion of brilliance
 m - 2 potions of cancellation
 p - 2 potions of curing


   Skills:
 + Level 3.6 Dodging
 + Level 3.1 Stealth
 + Level 2.5 Spellcasting
 + Level 4.9 Ice Magic


You had 4 spell levels left.
You knew the following spells:

 Your Spells              Type           Power      Damage    Failure   Level
a - Freeze                Ice            68%        1d8       2%          1
b - Frozen Ramparts       Ice            34%        1d6       8%          3

Your spell library contained the following spells:

 Spells                   Type           Power      Damage    Failure   Level
 Ozocubu's Armour         Ice            17%        N/A       8%          3
 Magic Dart               Conj           8%         1d3       21%         1
 Searing Ray              Conj           4%         2d4       30%         2
 Summon Ice Beast         Ice/Summ       9%         N/A       56%         4
 Fulminant Prism          Conj/Hex       1%         3d5       89%         4


Dungeon Overview and Level Annotations

Branches:
Dungeon (3/15)

Altars:

Annotations:
D:3 Sigmund


Innate Abilities, Weirdness & Mutations

((You are very nimble when in or above water. (Stealth+, EV+, Speed+++)))
Your lower body shifts to a powerful aquatic tail in water.


Message History

Casting: Frozen Ramparts (quite dangerous; 8% risk of failure)
Press: ? - help, Dir - look around, f - activate The walls around you are covered in ice.
A rat comes into view.
The wall freezes Sigmund.
Sigmund points at you and mumbles some strange words.
The puff of flame hits you.
The wall freezes Sigmund.
Sigmund points at you and mumbles some strange words.
The puff of flame hits you!
The frozen ramparts melt away.
Sigmund closely misses you.
There is an open door here.
You see here a dart slug corpse.
You close the door, pushing everything out of the way.
You see here a dart slug corpse.
As you read the scroll labelled ZIBAS HOSEROQAGOAP, it crumbles to dust.
It is a scroll of identify.
h - a potion of might
As you read the scroll of identify {@r1}, it crumbles to dust.
m - 2 potions of cancellation
As you read the scroll of identify {@r1}, it crumbles to dust.
p - 2 potions of curing
As you read the scroll of identify {@r1}, it crumbles to dust.
l - a potion of brilliance Sigmund shouts!
Sigmund smiles chillingly.
Sigmund casts a spell at you. The magic dart hits you!
* * * LOW HITPOINT WARNING * * *
Okay, then.
Okay, then.
As you read the scroll labelled FEVAAXE GESUL, it crumbles to dust.
You feel strangely unstable.
It was a scroll of teleportation.
As you read the scroll of identify {@r1}, it crumbles to dust.
k - a scroll of fog Sigmund closely misses you.
As you read the scroll of fog, it dissolves into smoke.
Sigmund hits you from afar with a +0 scythe!
You die...
Sigmund begins carving another notch in his scythe.

###.###...##.#.......##.
............###..###.##.
...@......##.#.#.###.##.
######.#.####.##......<.
#.#@# ########.### ###
#.#.# #.# ..# #@#+## #.#
#.# #§§§§## #.# #
#.###§@§..## ###.#
###.###.##§§§§...## ##.#.#
..................####....#
..<...............'.......#
#...##.#.........####...##
## #.##.......## ##.##
##.###.....## #.#
##..<###...## #.#
#.....###+## #.#


You could see Sigmund.

Vanquished Creatures
  An adder (D:2)
  2 dart slugs
  3 ball pythons
  2 endoplasms
  3 giant cockroaches
  7 goblins (D:1)
  6 hobgoblins
  2 jackals (D:1)
  5 kobolds
  4 quokkas
  3 bats (D:1)
  4 frilled lizards
  5 rats
47 creatures vanquished.

Notes
Turn   | Place    | Note
-------+----------+-------------------------------------------
     0 | D:1      | Queen the Merfolk Ice Elementalist began the quest for the
                  | Orb.
     0 | D:1      | Reached XP level 1. HP: 13/13 MP: 3/3
   163 | D:1      | Reached XP level 2. HP: 19/19 MP: 3/5
   610 | D:1      | Reached XP level 3. HP: 24/24 MP: 0/6
   926 | D:1      | Learned a level 3 spell: Frozen Ramparts
  2242 | D:2      | Reached XP level 4. HP: 30/30 MP: 7/7
  2355 | D:2      | Identified the ring of Burphar {Will+ Dex+5}
  2892 | D:3      | Noticed Sigmund
  2913 | D:3      | Slain by Sigmund

Illustrated notes

Levels and vault maps discovered:
D:1:      dpeg_arrival_oval, layout_basic, minmay_split_cup_large
D:2:      layout_rooms, minmay_crystal_water, dk_noncrumbling_4,
          serial_bayou_pond_c, kennysheep_generic_room_5
D:3:      minmay_evil_eye, layout_loops_corners, uniq_crazy_yiuf_cottage,
          uniq_terence, uniq_sigmund, uniq_jessica

Skill      XL: |  1  2  3 |
---------------+----------+-----
Dodging        | 3 |  3.6
Stealth        | 3 |  3.1
Spellcasting   | |  2.5
Ice Magic      | |  4.9

Action                     |  1- 3 |  4- 6 || total
---------------------------+-------+-------++-------
  Melee: Unarmed           |     4 |       ||     4
         Dagger            |     7 |       ||     7
         Short sword       |    18 |     4 ||    22
         Punch             |     1 |       ||     1
   Cast: Freeze            |    47 |     7 ||    54
         Frozen Ramparts   |     1 |     1 ||     2
    Use: Scroll            |       |     7 ||     7
   Stab: Sleeping          |     3 |     2 ||     5
 Armour: Robe              |    21 |     7 ||    28
  Dodge: Dodged            |    34 |     5 ||    39

Table legend: (Time is in decaauts)
 A = Elapsed time spent in this place.
 B = Non-inter-level travel time spent in this place.
 C = Inter-level travel time spent in this place.
 D = Time resting spent in this place.
 E = Time spent auto-exploring this place.
 F = Levels seen in this place.
 G = Mean time per level.
                   A        B        C        D        E       F      G
               +--------+--------+--------+--------+--------+-----+--------+
         Total |   2885 |   2794 |     91 |    308 |   2135 |   3 |  961.7 |
       Dungeon |   2885 |   2794 |     91 |    308 |   2135 |   3 |  961.7 |
               +--------+--------+--------+--------+--------+-----+--------+

Top non-repeatable levels by time:
     D:1: 1910 daAuts
     D:2: 877 daAuts
     D:3: 98 daAuts
